[Event "2026 Biel Blitz Open"]
[Site "Biel, CH"]
[Date "2026.07.19"]
[Round "3"]
[White "Bu, Xiangzhi"]
[Black "Kolly, Jacques"]
[Result "1-0"]
[Board "1"]
[TimeControl "180+2"]
[WhiteFideId "8601445"]
[BlackFideId "1302183"]
[WhiteElo "2719"]
[BlackElo "2203"]
[WhiteTitle "GM"]
[BlackTitle "FM"]
[WhiteClock "0:00:13"]
[BlackClock "0:00:07"]
[Variant "Standard"]
[EndDate "2026.07.19"]
[EndTime "12:33:39"]

1. Nf3 d5 2. d4 e6 3. c4 f5 4. g3 Nf6 5. Bg2 c6 6. O-O Bd6 7. b3 O-O 8. Ba3 Bxa3 9. Nxa3 Nbd7 10. Nc2 b6 11. Nce1 Bb7 12. Nd3 Rc8 13. Rc1 Qe7 14. Qd2 c5 15. cxd5 Bxd5 16. Qb2 Be4 17. Rfd1 Rfd8 18. Bf1 Bxf3 19. exf3 Nd5 20. dxc5 Nxc5 21. Nxc5 Rxc5 22. Rxc5 Qxc5 23. Qe5 Qd6 24. Qd4 Kf7 25. Rc1 Rd7 26. Bb5 Rc7 27. Rxc7+ Qxc7 28. Bc4 Qd6 29. h4 Qc6 30. a4 a5 31. h5 h6 32. Qe5 Qc7 33. Qd4 Qc6 34. f4 Qd6 35. Kf1 Qc6 36. Qe5 Qc5 37. g4 Ne7 1-0

[Event "2026 Biel Blitz Open"]
[Site "Biel, CH"]
[Date "2026.07.19"]
[Round "3"]
[White "Gautier, Anand"]
[Black "Safarli, Eltaj"]
[Result "0-1"]
[Board "2"]
[TimeControl "180+2"]
[WhiteFideId "26010186"]
[BlackFideId "13402129"]
[WhiteElo "2198"]
[BlackElo "2619"]
[WhiteTitle "FM"]
[BlackTitle "GM"]
[WhiteClock "0:00:07"]
[BlackClock "0:01:11"]
[Variant "Standard"]
[EndDate "2026.07.19"]
[EndTime "12:28:19"]

1. e4 c5 2. Nf3 e6 3. d4 cxd4 4. Nxd4 Nc6 5. Nc3 Bc5 6. Ndb5 d6 7. Be3 Bxe3 8. Nxd6+ Ke7 9. Nxc8+ Rxc8 10. Qxd8+ Rxd8 11. fxe3 Nf6 12. Bd3 h5 13. Ke2 h4 14. Nd1 Ne5 15. Nf2 Rc8 16. Rac1 g5 17. c4 g4 18. b3 g3 19. hxg3 hxg3 20. Rxh8 Rxh8 21. Nh3 Nxd3 22. Kxd3 Rd8+ 23. Ke2 Nxe4 24. Rc2 e5 25. Ng1 f5 26. Nf3 Ke6 27. Nd2 Nc5 28. Kf3 Rg8 29. Nf1 e4+ 30. Ke2 Nd3 31. a3 a5 32. b4 axb4 33. axb4 Ke5 34. Rc3 f4 35. exf4+ Nxf4+ 36. Kd2 Nd3 37. Ne3 Rf8 38. Rb3 Rf2+ 39. Kc3 Re2 40. Nc2 Rxg2 41. c5 Rg1 42. Ne3 g2 43. Nxg2 Rxg2 44. Kc4 Rb2 45. Rxb2 Nxb2+ 46. Kc3 e3 47. b5 Na4+ 48. Kd3 Nxc5+ 49. Kxe3 0-1

[Event "2026 Biel Blitz Open"]
[Site "Biel, CH"]
[Date "2026.07.19"]
[Round "3"]
[White "Amonatov, Farrukh"]
[Black "Fernandes Barbosa Dos Santos, Gabriel"]
[Result "1-0"]
[Board "3"]
[TimeControl "180+2"]
[WhiteFideId "14700077"]
[BlackFideId "1354388"]
[WhiteElo "2585"]
[BlackElo "2167"]
[WhiteTitle "GM"]
[BlackTitle "CM"]
[WhiteClock "0:01:04"]
[BlackClock "0:00:29"]
[Variant "Standard"]
[EndDate "2026.07.19"]
[EndTime "12:27:17"]

1. e4 c5 2. Nf3 d6 3. d4 cxd4 4. Nxd4 Nf6 5. Nc3 g6 6. Be3 Bg7 7. f3 O-O 8. Qd2 Nc6 9. Bc4 Bd7 10. h4 Rc8 11. Bb3 h5 12. O-O-O Nxd4 13. Bxd4 b5 14. g4 a5 15. gxh5 Nxh5 16. Bxg7 Kxg7 17. a3 b4 18. axb4 axb4 19. Nd5 Qa5 20. Qxb4 Qa1+ 21. Kd2 Qxb2 22. Ke3 e6 23. Rb1 Qe5 24. f4 Nxf4 25. Nxf4 Rc3+ 26. Nd3 Qg3+ 27. Kd2 Rfc8 28. Qxc3+ 1-0

[Event "2026 Biel Blitz Open"]
[Site "Biel, CH"]
[Date "2026.07.19"]
[Round "3"]
[White "Maruntis, Patrik-Robert"]
[Black "Kozak, Adam"]
[Result "0-1"]
[Board "4"]
[TimeControl "180+2"]
[WhiteFideId "1259997"]
[BlackFideId "753246"]
[WhiteElo "2167"]
[BlackElo "2537"]
[BlackTitle "GM"]
[WhiteClock "0:00:04"]
[BlackClock "0:00:08"]
[Variant "Standard"]
[EndDate "2026.07.19"]
[EndTime "12:28:46"]

1. e4 e5 2. Nf3 Nc6 3. Bc4 Bc5 4. O-O Nf6 5. d3 d6 6. a4 a5 7. c3 Ba7 8. Be3 O-O 9. Nbd2 Ne7 10. Re1 Bxe3 11. Rxe3 Ng6 12. d4 Qe7 13. Nf1 Nf4 14. Re1 g6 15. Ne3 c6 16. dxe5 dxe5 17. Qc2 Ng4 18. Rad1 Nxe3 19. fxe3 Nh5 20. Qb3 Kg7 21. Qb6 Nf6 22. Bd3 Bg4 23. Qb3 Rfd8 24. h3 Bxf3 25. gxf3 Nh5 26. Bf1 Rxd1 27. Rxd1 Qg5+ 28. Kf2 Qg3+ 29. Ke2 Qh2+ 30. Ke1 Qg1 31. Rd7 Qxe3+ 32. Be2 Rf8 33. Rd3 Qg1+ 34. Kd2 Nf4 35. Rd7 b6 36. Rd6 Ng2 37. Qc4 Qe1+ 38. Kd3 Nf4+ 39. Kc2 Nxe2 40. Rxc6 Nf4 41. Rxb6 Qf2+ 0-1

[Event "2026 Biel Blitz Open"]
[Site "Biel, CH"]
[Date "2026.07.19"]
[Round "3"]
[White "Kelecevic, Nedeljko"]
[Black "Gloeckler, Christian"]
[Result "0-1"]
[Board "5"]
[TimeControl "180+2"]
[WhiteFideId "14400537"]
[BlackFideId "34608966"]
[WhiteElo "2150"]
[BlackElo "2513"]
[WhiteTitle "IM"]
[BlackTitle "IM"]
[WhiteClock "0:00:08"]
[BlackClock "0:01:59"]
[Variant "Standard"]
[EndDate "2026.07.19"]
[EndTime "12:26:10"]

1. d4 Nf6 2. c4 e6 3. Nc3 Bb4 4. Qc2 O-O 5. e4 d6 6. Bg5 h6 7. Bh4 Nc6 8. O-O-O Bxc3 9. bxc3 e5 10. dxe5 Nxe5 11. f4 Ng6 12. Bg3 Bd7 13. Be2 Qe8 14. Bf3 Ba4 15. Qd3 Bxd1 16. Kxd1 Qa4+ 17. Qc2 Qxc4 18. Nh3 d5 19. e5 Ne4 20. Bxe4 dxe4 21. f5 Rad8+ 22. Kc1 Rd3 23. Kb2 Nxe5 24. Nf2 Rfd8 25. Nxd3 Nxd3+ 26. Ka1 e3 27. f6 Nc5 0-1

[Event "2026 Biel Blitz Open"]
[Site "Biel, CH"]
[Date "2026.07.19"]
[Round "3"]
[White "Aronyak Ghosh"]
[Black "Savitha Shri B"]
[Result "1-0"]
[Board "6"]
[TimeControl "180+2"]
[WhiteFideId "25072846"]
[BlackFideId "35061887"]
[WhiteElo "2488"]
[BlackElo "2161"]
[WhiteTitle "IM"]
[BlackTitle "IM"]
[WhiteClock "0:00:13"]
[BlackClock "0:00:13"]
[Variant "Standard"]
[EndDate "2026.07.19"]
[EndTime "12:30:39"]

1. d4 Nf6 2. Bf4 d5 3. e3 c5 4. dxc5 Qa5+ 5. Nd2 Qxc5 6. a3 Bg4 7. Ngf3 Nbd7 8. h3 Bh5 9. Be2 e6 10. O-O Bd6 11. b4 Qc7 12. Bxd6 Qxd6 13. c4 O-O 14. cxd5 Nxd5 15. Rc1 Rac8 16. Nc4 Qe7 17. Qb3 h6 18. Qb2 Rfd8 19. Rfd1 N7b6 20. Nxb6 Nxb6 21. Rxd8+ Rxd8 22. Qe5 Bg6 23. Qc7 Rd7 24. Qb8+ Rd8 25. Qxa7 Nd5 26. Qc5 Qf6 27. Qd4 Qe7 28. Qb2 Be4 29. Nd2 Bg6 30. Bf3 Qg5 31. Bxd5 Qxd5 32. Nb3 Be4 33. f3 Bg6 34. e4 Qg5 35. Qc3 Kh7 36. a4 Rd6 37. a5 Rc6 38. Nc5 Rd6 39. Nb3 Rc6 40. Nc5 Rd6 41. Nb3 Rc6 42. Qe1 Rd6 43. Rc3 Qb5 44. Rc1 Qa4 45. Nc5 Qb5 46. Qc3 b6 47. axb6 Rxb6 48. Rb1 Rd6 49. Kf2 f5 50. e5 Rc6 51. Rb2 Qb6 52. Qe3 f4 53. Qd4 Rc8 54. Rd2 Rb8 55. Nd7 Qxd4+ 56. Rxd4 Re8 57. Rxf4 Bd3 58. Nc5 Bb5 59. Rd4 Kg6 60. Ke3 Kf5 61. f4 Ra8 62. g4+ Kg6 63. Rd6 Ra3+ 64. Kd4 Rxh3 65. Rxe6+ Kf7 66. Rb6 Be2 67. e6+ Kf6 68. Ne4+ Ke7 69. Ke5 Bxg4 70. Rb7+ 1-0

[Event "2026 Biel Blitz Open"]
[Site "Biel, CH"]
[Date "2026.07.19"]
[Round "3"]
[White "Matsumura, Cocoro"]
[Black "Alexakis, Dimitris"]
[Result "0-1"]
[Board "7"]
[TimeControl "180+2"]
[WhiteFideId "36087114"]
[BlackFideId "4277023"]
[WhiteElo "2131"]
[BlackElo "2459"]
[WhiteTitle "CM"]
[BlackTitle "GM"]
[WhiteClock "0:00:30"]
[BlackClock "0:01:05"]
[Variant "Standard"]
[EndDate "2026.07.19"]
[EndTime "12:26:37"]

1. e4 c5 2. Nf3 e6 3. d4 cxd4 4. Nxd4 Nc6 5. Nc3 Qc7 6. a3 a6 7. Be3 b5 8. f4 Bb7 9. Bd3 h5 10. Qf3 Nf6 11. O-O-O Rc8 12. h3 b4 13. axb4 Nxb4 14. g4 d5 15. e5 Ne4 16. Bxe4 dxe4 17. Qf2 Bc5 18. Nb3 Na2+ 19. Kb1 Nxc3+ 20. bxc3 Bxe3 21. Qxe3 Qxc3 22. Qxc3 Rxc3 23. Rhg1 h4 24. Rd6 O-O 25. Rd7 Bd5 26. Kb2 Rxh3 27. Nc5 Rb8+ 28. Kc1 Rc8 29. Nxa6 Ra3 0-1

[Event "2026 Biel Blitz Open"]
[Site "Biel, CH"]
[Date "2026.07.19"]
[Round "3"]
[White "Arjun Kalyan"]
[Black "Hakimifard, Ghazal"]
[Result "1-0"]
[Board "8"]
[TimeControl "180+2"]
[WhiteFideId "35018701"]
[BlackFideId "12506540"]
[WhiteElo "2451"]
[BlackElo "2130"]
[WhiteTitle "GM"]
[BlackTitle "WGM"]
[WhiteClock "0:00:20"]
[BlackClock "0:00:07"]
[Variant "Standard"]
[EndDate "2026.07.19"]
[EndTime "12:28:37"]

1. e4 c5 2. Nf3 e6 3. d4 cxd4 4. Nxd4 a6 5. Bd3 Bc5 6. Nb3 Ba7 7. Qf3 Nc6 8. Qg3 Nge7 9. Nc3 O-O 10. Bf4 d5 11. e5 Ng6 12. Bg5 Qc7 13. f4 Nb4 14. h4 Nxd3+ 15. cxd3 Ne7 16. Bxe7 Qxe7 17. h5 h6 18. O-O-O b5 19. d4 Bd7 20. Kb1 Rfc8 21. Qe3 Bb6 22. g4 a5 23. g5 a4 24. Nc1 b4 25. N3e2 Bb5 26. Rhg1 Kh7 27. Qg3 Rg8 28. f5 exf5 29. Nf4 Qxg5 30. Qxg5 hxg5 31. Rxg5 Rac8 32. Nxd5 Bd8 33. Rxf5 Rf8 34. e6 Bc4 35. e7 Bxe7 36. Nxe7 Rc7 37. Nd5 Rd7 38. Nxb4 Rfd8 39. b3 Be6 40. Rf4 axb3 41. axb3 Rb7 42. d5 1-0

[Event "2026 Biel Blitz Open"]
[Site "Biel, CH"]
[Date "2026.07.19"]
[Round "3"]
[White "Erne, Raphael"]
[Black "Elmi, Saad Abobaker"]
[Result "0-1"]
[Board "9"]
[TimeControl "180+2"]
[WhiteFideId "1341928"]
[BlackFideId "1553259"]
[WhiteElo "2128"]
[BlackElo "2409"]
[BlackTitle "IM"]
[WhiteClock "0:00:07"]
[BlackClock "0:00:51"]
[Variant "Standard"]
[EndDate "2026.07.19"]
[EndTime "12:27:49"]

1. c4 g6 2. g3 Bg7 3. Bg2 e5 4. Nc3 Nc6 5. Nf3 d6 6. d3 Bd7 7. Rb1 Qc8 8. h3 a5 9. a3 Nge7 10. b4 axb4 11. axb4 O-O 12. b5 Nd8 13. Kf1 Ne6 14. Kg1 c6 15. Kh2 d5 16. bxc6 bxc6 17. Qc2 Qa6 18. Rd1 Nd4 19. Qd2 Rfb8 20. Rxb8+ Rxb8 21. cxd5 Nb3 22. Qa2 Qxa2 23. Nxa2 cxd5 24. Bd2 Nxd2 25. Rxd2 d4 26. Ng5 Bh6 27. f4 exf4 28. gxf4 f6 29. h4 fxg5 30. fxg5 Bg7 31. Rc2 Be5+ 32. Kg1 Rb1+ 33. Bf1 Bh3 34. Rc1 Rxc1 35. Nxc1 Bxf1 0-1

[Event "2026 Biel Blitz Open"]
[Site "Biel, CH"]
[Date "2026.07.19"]
[Round "3"]
[White "Thorfinnsson, Bjorn"]
[Black "Ashwath Kaushik"]
[Result "1-0"]
[Board "10"]
[TimeControl "180+2"]
[WhiteFideId "2300982"]
[BlackFideId "33387230"]
[WhiteElo "2396"]
[BlackElo "2122"]
[WhiteTitle "IM"]
[BlackTitle "FM"]
[WhiteClock "0:00:42"]
[BlackClock "0:00:53"]
[Variant "Standard"]
[EndDate "2026.07.19"]
[EndTime "12:27:45"]

1. d4 d5 2. Nf3 Nf6 3. Bg5 e6 4. e3 Be7 5. Bd3 h6 6. Bh4 O-O 7. Nbd2 b6 8. h3 c5 9. c3 Ba6 10. Bxa6 Nxa6 11. g4 Ne4 12. Bxe7 Qxe7 13. Nxe4 dxe4 14. Nd2 cxd4 15. exd4 e3 16. fxe3 Qh4+ 17. Ke2 f5 18. Qe1 Qf6 19. Qg3 Rae8 20. Raf1 Qg6 21. Rhg1 f4 22. exf4 Qc2 23. Qd3 Qa4 24. Qc4 Qa5 25. b4 Qa4 26. b5 Qxc4+ 27. Nxc4 Nc7 28. Ne3 Nxb5 29. Kd3 Rc8 30. c4 Nd6 31. f5 exf5 32. gxf5 Rf7 33. f6 g5 34. h4 Rfc7 35. hxg5 Nxc4 36. gxh6+ Kh8 37. Nxc4 Rxc4 38. f7 Rc3+ 39. Ke4 Rf8 40. Rg7 Rc7 41. d5 Re7+ 42. Kd4 a5 43. d6 Re6 44. Rfg1 Rxd6+ 45. Ke5 Rdd8 46. Ke6 b5 47. h7 Ra8 48. Rg8+ Kxh7 49. Rh1+ 1-0

[Event "2026 Biel Blitz Open"]
[Site "Biel, CH"]
[Date "2026.07.19"]
[Round "3"]
[White "Habibi, Ali"]
[Black "Shukhman, Anna"]
[Result "0-1"]
[Board "11"]
[TimeControl "180+2"]
[WhiteFideId "4604393"]
[BlackFideId "54180058"]
[WhiteElo "2116"]
[BlackElo "2392"]
[WhiteTitle "IM"]
[BlackTitle "WGM"]
[WhiteClock "0:00:11"]
[BlackClock "0:00:14"]
[Variant "Standard"]
[EndDate "2026.07.19"]
[EndTime "12:28:57"]

1. Nf3 d5 2. g3 Bg4 3. Bg2 c6 4. O-O Nf6 5. d3 e6 6. Nbd2 Be7 7. Qe1 Bh5 8. e4 O-O 9. h3 Nbd7 10. Nh2 Nc5 11. g4 Bg6 12. Kh1 dxe4 13. dxe4 e5 14. f3 Qc7 15. Qe2 Nfd7 16. Rd1 f6 17. Nhf1 Rad8 18. Ne3 Ne6 19. Nb3 Nf4 20. Qf1 Nc5 21. Bd2 Kh8 22. Nc4 Nce6 23. Be3 Bf7 24. Rxd8 Qxd8 25. Bxa7 b5 26. Ncd2 Bb4 27. c3 Bd6 28. Be3 Qe7 29. Rd1 Ra8 30. Nc1 Bc5 31. Bxc5 Qxc5 32. Ndb3 Qe7 33. Qf2 h5 34. Qd2 Rd8 35. Qc2 hxg4 36. Rxd8+ Qxd8 37. hxg4 f5 38. exf5 Qh4+ 39. Kg1 Ng5 40. Qd2 Nfh3+ 41. Bxh3 Nxh3+ 42. Kg2 Nf4+ 43. Kg1 Qg3+ 44. Kh1 Qxf3+ 45. Kg1 Bd5 46. Qh2+ Nh3+ 0-1

[Event "2026 Biel Blitz Open"]
[Site "Biel, CH"]
[Date "2026.07.19"]
[Round "3"]
[White "Aryan Mehta"]
[Black "Tureshbayev, Anuar"]
[Result "0-1"]
[Board "12"]
[TimeControl "180+2"]
[WhiteFideId "33329664"]
[BlackFideId "651081709"]
[WhiteElo "2061"]
[BlackElo "2328"]
[BlackTitle "FM"]
[WhiteClock "0:00:05"]
[BlackClock "0:00:15"]
[Variant "Standard"]
[EndDate "2026.07.19"]
[EndTime "12:27:41"]

1. d4 Nf6 2. c4 e6 3. Nf3 d5 4. Nc3 h6 5. Bf4 Bd6 6. Bxd6 Qxd6 7. e3 a6 8. Rc1 O-O 9. Bd3 dxc4 10. Bxc4 b5 11. Bd3 Bb7 12. O-O Nbd7 13. e4 e5 14. d5 Nc5 15. a3 Nxd3 16. Qxd3 c6 17. Rfd1 cxd5 18. exd5 Rac8 19. Qe3 Rfe8 20. Nh4 e4 21. Nf5 Qe5 22. Ng3 Nxd5 23. Qxe4 Qg5 24. Qd3 Nf4 25. Qf1 Bxg2 26. Nce4 Rxe4 27. Nxe4 Bxe4+ 0-1

[Event "2026 Biel Blitz Open"]
[Site "Biel, CH"]
[Date "2026.07.19"]
[Round "3"]
[White "Mohammad Nubairshah Shaikh"]
[Black "Langner, Robin"]
[Result "1-0"]
[Board "13"]
[TimeControl "180+2"]
[WhiteFideId "5053196"]
[BlackFideId "34606190"]
[WhiteElo "2316"]
[BlackElo "2059"]
[WhiteTitle "IM"]
[WhiteClock "0:02:18"]
[BlackClock "0:00:41"]
[Variant "Standard"]
[EndDate "2026.07.19"]
[EndTime "12:24:33"]

1. Nf3 Nf6 2. g3 g6 3. b3 Bg7 4. Bb2 O-O 5. Bg2 d5 6. c4 c5 7. cxd5 Nxd5 8. Bxg7 Kxg7 9. O-O Nc6 10. d4 Ndb4 11. a3 Na6 12. d5 Ncb8 13. Nc3 b6 14. e4 e6 15. Ne5 exd5 16. exd5 Bb7 17. Re1 Nd7 18. Nc6 Qf6 19. Ne4 Qf5 20. Nd6 1-0

[Event "2026 Biel Blitz Open"]
[Site "Biel, CH"]
[Date "2026.07.19"]
[Round "3"]
[White "Omar, Noaman"]
[Black "Stefan, Iulia-Cristiana"]
[Result "1-0"]
[Board "14"]
[TimeControl "180+2"]
[WhiteFideId "9300244"]
[BlackFideId "1273876"]
[WhiteElo "2274"]
[BlackElo "2050"]
[WhiteTitle "IM"]
[BlackTitle "WFM"]
[WhiteClock "0:00:08"]
[BlackClock "0:00:08"]
[Variant "Standard"]
[EndDate "2026.07.19"]
[EndTime "12:30:26"]

1. d4 d5 2. c4 e6 3. Nc3 Nf6 4. cxd5 exd5 5. Bg5 Be7 6. e3 h6 7. Bh4 Bg4 8. f3 Be6 9. Bd3 O-O 10. Nge2 c5 11. Bf2 Nc6 12. O-O a6 13. Rc1 cxd4 14. exd4 Rc8 15. Bb1 Bd6 16. Re1 Ne7 17. Bg3 Bf5 18. Be5 Bxb1 19. Rxb1 Nh7 20. Nf4 Bb8 21. Bxb8 Rxb8 22. Re5 Nf6 23. Qd3 Nc6 24. Re2 Qd7 25. Rbe1 Rfe8 26. Kf2 Rxe2+ 27. Rxe2 Kf8 28. h4 Re8 29. Rxe8+ Kxe8 30. g4 g6 31. a3 Ne7 32. Qe3 Kf8 33. Nfe2 Kg7 34. Nf4 Qd6 35. g5 hxg5 36. hxg5 Nh5 37. Nxh5+ gxh5 38. f4 Ng6 39. Kf3 Nh4+ 40. Kf2 Ng6 41. Ne2 Qb6 42. f5 Nf8 43. Qe5+ Kg8 44. b4 Qc6 45. Qe7 Qc2 46. Qe5 Qc6 47. Nf4 Qc2+ 1-0

[Event "2026 Biel Blitz Open"]
[Site "Biel, CH"]
[Date "2026.07.19"]
[Round "3"]
[White "Tkhoruk, Roman"]
[Black "Kukushkin, Ivan"]
[Result "0-1"]
[Board "15"]
[TimeControl "180+2"]
[WhiteFideId "34161589"]
[BlackFideId "11634103"]
[WhiteElo "2055"]
[BlackElo "2265"]
[BlackTitle "FM"]
[WhiteClock "0:00:05"]
[BlackClock "0:00:21"]
[Variant "Standard"]
[EndDate "2026.07.19"]
[EndTime "12:30:52"]

1. e4 c5 2. Nf3 Nc6 3. Bb5 Nf6 4. Bxc6 dxc6 5. d3 Qc7 6. O-O e5 7. a4 a5 8. h3 Be6 9. Nc3 h6 10. Nd2 Be7 11. Nc4 O-O-O 12. Qe2 g5 13. Bd2 g4 14. h4 Nh5 15. g3 Bxc4 16. dxc4 Qd7 17. Be3 Ng7 18. Rad1 Qe6 19. b3 h5 20. Qe1 b6 21. Qe2 Qg6 22. Rxd8+ Rxd8 23. Rd1 Rxd1+ 24. Qxd1 Ne6 25. Ne2 Nd4 26. Bxd4 cxd4 27. Nc1 Qxe4 28. Nd3 f6 29. Qd2 Kd7 30. Qh6 Qf5 31. Qg7 e4 32. Nf4 e3 33. Ng6 Qxf2+ 34. Kh1 Qe1+ 35. Kg2 Qd2+ 36. Kg1 Qd1+ 37. Kg2 Qxc2+ 38. Kg1 Qe4 39. Nf8+ Kd6 40. Qf7 e2 0-1

[Event "2026 Biel Blitz Open"]
[Site "Biel, CH"]
[Date "2026.07.19"]
[Round "3"]
[White "Cao, Qingfeng"]
[Black "Haugner, Jan"]
[Result "1-0"]
[Board "16"]
[TimeControl "180+2"]
[WhiteFideId "8627568"]
[BlackFideId "24655244"]
[WhiteElo "2264"]
[BlackElo "1976"]
[WhiteTitle "IM"]
[WhiteClock "0:00:24"]
[BlackClock "0:00:02"]
[Variant "Standard"]
[EndDate "2026.07.19"]
[EndTime "12:28:07"]

1. d4 d5 2. c4 e6 3. Nf3 Nf6 4. g3 Bd6 5. Bg2 O-O 6. O-O Nc6 7. b3 dxc4 8. bxc4 e5 9. Nc3 Nxd4 10. Nxd4 exd4 11. Qxd4 c6 12. Bb2 Be6 13. Rfd1 Be7 14. Qf4 Qb8 15. Qe3 Qc7 16. Rac1 Rfe8 17. Nd5 Qa5 18. Nxe7+ Rxe7 19. Bxf6 gxf6 20. Qf4 Qe5 21. a4 Qxf4 22. gxf4 Bg4 23. f3 Be6 24. e4 Rae8 25. f5 Bc8 26. c5 Kg7 27. Kf2 Kh6 28. Bf1 Rg8 29. Rd6 Kg5 30. Be2 Kf4 31. Rc4 Re5 32. Rxf6 Rd8 33. Rd6 Rxc5 34. Rxd8 1-0

[Event "2026 Biel Blitz Open"]
[Site "Biel, CH"]
[Date "2026.07.19"]
[Round "3"]
[White "Xu, Chang(CQ)"]
[Black "Gluckman, David"]
[Result "1-0"]
[Board "17"]
[TimeControl "180+2"]
[WhiteFideId "8641757"]
[BlackFideId "14300010"]
[WhiteElo "2049"]
[BlackElo "2240"]
[BlackTitle "IM"]
[WhiteClock "0:01:08"]
[BlackClock "0:01:18"]
[Variant "Standard"]
[EndDate "2026.07.19"]
[EndTime "12:26:38"]

1. e4 Nf6 2. e5 Nd5 3. d4 d6 4. c4 Nb6 5. f4 dxe5 6. fxe5 Nc6 7. Be3 Bf5 8. Nc3 e6 9. Nf3 Qd7 10. Be2 O-O-O 11. O-O Kb8 12. h3 Bg6 13. Qd2 Bb4 14. a3 Bxc3 15. Qxc3 f6 16. b4 fxe5 17. dxe5 h6 18. a4 Bh5 19. a5 Nc8 20. b5 N6e7 21. b6 cxb6 22. axb6 a6 23. Rfd1 Qe8 24. Rxd8 Qxd8 25. Rd1 Qe8 26. Qd4 Nc6 27. Qc5 Qf8 28. Rd7 Qxc5 29. Bxc5 Bxf3 30. Bxf3 Nxe5 31. Rxb7+ 1-0

[Event "2026 Biel Blitz Open"]
[Site "Biel, CH"]
[Date "2026.07.19"]
[Round "3"]
[White "Ling, Chenxuan"]
[Black "Coban, Ege"]
[Result "1-0"]
[Board "18"]
[TimeControl "180+2"]
[WhiteFideId "30983118"]
[BlackFideId "26320304"]
[WhiteElo "2235"]
[BlackElo "1936"]
[WhiteTitle "CM"]
[WhiteClock "0:00:09"]
[BlackClock "0:00:27"]
[Variant "Standard"]
[EndDate "2026.07.19"]
[EndTime "12:32:22"]

1. Nf3 c5 2. g3 g6 3. Bg2 Bg7 4. O-O Nc6 5. c4 Nh6 6. Nc3 Nf5 7. d3 O-O 8. Bd2 e6 9. Rc1 b6 10. Re1 Bb7 11. a3 a5 12. e3 d5 13. cxd5 exd5 14. Qb3 d4 15. Na4 dxe3 16. fxe3 Rb8 17. Qxb6 Qxb6 18. Nxb6 Rfd8 19. g4 Nh6 20. g5 Nf5 21. Rxc5 Rxd3 22. Bc1 Nce7 23. Nc4 h5 24. Nxa5 Bxf3 25. Bxf3 Bxb2 26. Be4 Rc3 27. Rc4 Nd6 28. Bxb2 Rxc4 29. Nxc4 Nxc4 30. Bd4 Nd2 31. Bg2 Nf5 32. Be5 Re8 33. Bf4 Nc4 34. e4 Nd4 35. Kf2 Nxa3 36. Rd1 Ne6 37. Be3 Nc4 38. Bc1 Ra8 39. Bf1 Ra2+ 40. Kg3 Ne5 41. h4 Rc2 42. Be3 Rc3 43. Re1 Ng4 44. Kf3 Nd4+ 45. Kf4 Ne6+ 46. Kf3 Nxe3 47. Rxe3 Rc1 48. Bh3 Nd4+ 49. Kg2 Rc2+ 50. Kg3 Rd2 51. Bg2 Nc2 52. Rc3 Ne1 53. Bf1 Nc2 54. Rc7 Ne3 55. Bb5 Ng4 56. Bc4 Ne5 57. Bd5 Rd3+ 58. Kf4 Nf3 59. Bxf7+ Kf8 60. Bxg6 Nxh4 61. Bxh5 Ra3 62. Rc8+ Kg7 63. Rc7+ Kf8 64. Be2 Ra5 65. Bc4 Ng2+ 66. Kg4 Ne3+ 67. Kh5 Re5 68. Bd3 Ng2 69. Kh6 Nf4 70. Rc8+ Ke7 71. Bc2 Re6+ 72. Kh7 Rg6 73. Rc7+ Kd6 74. Rf7 Rxg5 75. Rxf4 Rg2 76. Bd3 Ke5 77. Rf5+ Kd4 78. Bb1 Rb2 79. Rd5+ Ke3 80. Bd3 Rb7+ 81. Kg6 Kf4 82. Bc2 Rc7 83. Bd3 Rb7 84. Kf6 Rb6+ 85. Ke7 Rb7+ 86. Ke6 Rb6+ 87. Rd6 Rb2 88. e5 Ra2 89. Bc4 Ra5 90. Bd5 Kg5 1-0

[Event "2026 Biel Blitz Open"]
[Site "Biel, CH"]
[Date "2026.07.19"]
[Round "3"]
[White "Rohrer, Christophe"]
[Black "Aryan Goyal"]
[Result "1/2-1/2"]
[Board "19"]
[TimeControl "180+2"]
[WhiteFideId "1326546"]
[BlackFideId "366108825"]
[WhiteElo "2216"]
[BlackElo "1748"]
[WhiteTitle "FM"]
[WhiteClock "0:00:06"]
[BlackClock "0:00:12"]
[Variant "Standard"]
[EndDate "2026.07.19"]
[EndTime "12:29:25"]

1. e4 e5 2. Nf3 Nc6 3. Bb5 a6 4. Ba4 Nf6 5. O-O Nxe4 6. d4 b5 7. Bb3 d5 8. dxe5 Be6 9. Qe2 Be7 10. Rd1 O-O 11. c4 bxc4 12. Bxc4 Bc5 13. Be3 Bxe3 14. Qxe3 Qb8 15. Bb3 Ne7 16. Nbd2 Nf5 17. Qe2 Nxd2 18. Rxd2 Rd8 19. Rc1 a5 20. g4 Ne7 21. Nd4 a4 22. Bc2 c5 23. Nf5 Ng6 24. Re1 Ra7 25. h4 Nf4 26. Qf3 Qb4 27. Red1 Bxf5 28. gxf5 Ra6 29. a3 Qc4 30. Be4 Re8 31. Qxf4 Qxe4 32. Qxe4 dxe4 33. Rd8 Ra8 34. Rxe8+ Rxe8 35. Rd5 Rc8 36. Kf1 Kf8 37. Ke2 Ke7 38. Ke3 Rb8 39. Rxc5 Rxb2 40. Rc7+ Ke8 41. Kxe4 Rxf2 42. Ra7 Rh2 43. Kd5 Rxh4 44. Kd6 Rd4+ 45. Kc5 Re4 46. Kd5 Rf4 47. Ra8+ Ke7 48. Ra7+ Ke8 49. Kd6 Rd4+ 50. Kc6 Rf4 51. Ra8+ Ke7 52. Ra7+ Ke8 53. Ra8+ Ke7 1/2-1/2

[Event "2026 Biel Blitz Open"]
[Site "Biel, CH"]
[Date "2026.07.19"]
[Round "3"]
[White "Ghosh, Diptayan"]
[Black "Alexakis, Dimitrios"]
[Result "1-0"]
[Board "20"]
[TimeControl "180+2"]
[WhiteFideId "5045207"]
[BlackFideId "4200527"]
[WhiteElo "2530"]
[BlackElo "1895"]
[WhiteTitle "GM"]
[WhiteClock "0:01:05"]
[BlackClock "0:00:03"]
[Variant "Standard"]
[EndDate "2026.07.19"]
[EndTime "12:37:59"]

1. Nf3 Nf6 2. g3 c5 3. Bg2 Nc6 4. O-O e5 5. c4 d6 6. Nc3 Be7 7. a3 O-O 8. d3 h6 9. Rb1 a5 10. Ne1 Bg4 11. Nc2 Rb8 12. Ne3 Be6 13. Ned5 Nd7 14. Bd2 f5 15. b4 axb4 16. axb4 cxb4 17. Nb5 Kh7 18. Nxb4 Nxb4 19. Bxb4 Nc5 20. Nc3 f4 21. Bxc5 dxc5 22. Rxb7 Rxb7 23. Bxb7 Bh3 24. Bg2 Qd7 25. Qa4 Qe6 26. Bxh3 Qxh3 27. Qc6 fxg3 28. hxg3 Bg5 29. Qg2 Qe6 30. Rb1 h5 31. Qe4+ Kh6 32. Nd5 Qf7 33. f3 1-0

[Event "2026 Biel Blitz Open"]
[Site "Biel, CH"]
[Date "2026.07.19"]
[Round "3"]
[White "Dai, Wenzhi"]
[Black "Filipovic, Branko"]
[Result "0-1"]
[Board "22"]
[TimeControl "180+2"]
[WhiteFideId "8608369"]
[BlackFideId "14507951"]
[WhiteElo "1943"]
[BlackElo "2109"]
[BlackTitle "IM"]
[WhiteClock "0:00:04"]
[BlackClock "0:00:10"]
[Variant "Standard"]
[EndDate "2026.07.19"]
[EndTime "12:37:46"]

1. e4 Nf6 2. e5 Nd5 3. c4 Nb6 4. d4 d6 5. exd6 cxd6 6. Nc3 g6 7. h3 Bg7 8. Nf3 O-O 9. Be2 Nc6 10. O-O Bf5 11. Re1 h6 12. a3 e5 13. Be3 Rc8 14. Rc1 exd4 15. Nxd4 Nxd4 16. Bxd4 Nxc4 17. Bxg7 Kxg7 18. Qd4+ Ne5 19. f4 Qa5 20. fxe5 dxe5 21. Qf2 Be6 22. Bf3 b6 23. Qe3 f6 24. Ne4 Rfd8 25. Kh2 b5 26. b4 Qb6 27. Nc5 Bf7 28. Red1 Rxd1 29. Rxd1 Rd8 30. Rxd8 Qxd8 31. Qd3 Qb8 32. Kh1 f5 33. Qd7 e4 34. Be2 Qe5 35. Qd1 f4 36. Nb3 Bd5 37. Qd4 Kf6 38. Qxe5+ Kxe5 39. Nd2 a6 40. Kg1 Kd4 41. Kf1 g5 42. Ke1 Ke3 43. Nf1+ Kd4 44. Nd2 Ke3 45. Nf1+ Kd4 46. Nh2 Bf7 47. Ng4 h5 48. Nf6 Ke3 49. Nd7 f3 50. gxf3 exf3 51. Bf1 g4 52. hxg4 hxg4 53. Ne5 Be6 54. Ng6 g3 55. Nh4 Bd5 56. Bh3 f2+ 57. Kd1 Bf3+ 58. Nxf3 Kxf3 0-1